 Dungeon Crawl Stone Soup version 0.27.1-3-gb3d3a73c9e (webtiles) character file.

Game seed: 16226326628127860971

469 barney the Changer (level 6, -2/47 HPs)
             Began as a Draconian Transmuter on Oct 5, 2021.
             Succumbed to a killer bee's poison
             ... on level 4 of the Dungeon.
             The game lasted 00:03:47 (4916 turns).

barney the Changer (Draconian Transmuter)           Turns: 4916, Time: 00:03:48

Health: -2/47      AC:  2    Str: 18    XL:     6   Next: 82%
Magic:  6/9        EV: 19    Int: 15    God:
Gold:   212        SH:  0    Dex: 17    Spells: 3/9 levels left

rFire    . . .     SeeInvis .     - Unarmed
rCold    . . .     Faith    .   (shield currently unavailable)
rNeg     . . .     Spirit   .   (armour unavailable)
rPois    x         Reflect  .   (helmet currently unavailable)
rElec    .         Harm     .   (cloak currently unavailable)
rCorr    .         Rampage  .   (gloves currently unavailable)
Will     .....                  (boots currently unavailable)
Stlth    ++........             (no amulet)
HPRegen  0.15/turn              j - +6 ring of strength
MPRegen  0.11/turn              (no ring)

@: lethally poisoned (-2 -> -25), spider-form, invisible
A: venomous fangs, AC +6, tiny, unfitting armour, (cold-blooded)
a: End Transformation


You were on level 4 of the Dungeon.
You were a venomous arachnid creature.
You visited 1 branch of the dungeon, and saw 4 of its levels.

You collected 212 gold pieces.

Inventory:

Hand Weapons
 d - a +2 short sword of electrocution
 s - a +2 whip of venom (melded)
Armour
 m - a +1 cloak (melded)
 q - a +0 pair of gloves (melded)
Jewellery
 a - a ring of fire
 j - a +6 ring of strength (left front leg)
Scrolls
 b - 2 scrolls of enchant armour
 h - 3 scrolls of identify {unknown}
 i - a scroll of torment {unknown}
 k - 2 scrolls of teleportation {unknown}
 l - a scroll of fear {unknown}
 p - a scroll of amnesia {unknown}
Potions
 f - a potion of attraction {unknown}
 g - a potion of magic {unknown}
 n - a potion of flight {unknown}
 o - a potion of berserk rage {unknown}
 r - a potion of curing {unknown}


   Skills:
 - Level 1.1 Fighting
 - Level 1.7 Dodging
 - Level 3.0 Unarmed Combat
 - Level 2.0 Spellcasting
 + Level 7.4 Transmutations


You had 3 spell levels left.
You knew the following spells:

 Your Spells              Type           Power      Damage    Failure   Level
a - Beastly Appendage     Tmut           46%        N/A       5%          1
b - Spider Form           Tmut/Pois      6%         N/A       32%         3
c - Wereblood             Tmut           23%        N/A       7%          2

Your spell library contained the following spells:

 Spells                   Type           Power      Damage    Failure   Level
 Ice Form                 Ice/Tmut       12%        N/A       65%         4


Dungeon Overview and Level Annotations

Branches:
Dungeon (4/15)
 Temple: D:4-7

Altars:
Dithmenos
Makhleb
Xom

Shops:
D:3 ?[*


Innate Abilities, Weirdness & Mutations

You are a venomous arachnid creature.
You have poisonous fangs.
You are tiny and dextrous.
Your spellcasting is less reliable in this form.
Your armour is entirely melded.
You are incapable of wielding weapons or throwing items.
((Your plain brown scales are hard. (AC +6)))
You cannot fit into any form of body armour.
((You are cold-blooded and may be slowed by cold attacks.))


Message History

You hit the killer bee.
The killer bee is lightly wounded.
You feel very sick. The killer bee stings you.
You are more poisoned.
The killer bee poisons you! The killer bee misses you.
You are too injured to fight recklessly!
You are too injured to fight recklessly!
You are too injured to fight recklessly!
You hit the killer bee but do no damage.
The killer bee is lightly wounded.
* * * LOW HITPOINT WARNING * * *
You feel extremely sick.
The killer bee completely misses you. x2
You closely miss the killer bee.
The killer bee is lightly wounded.
* * * LOW HITPOINT WARNING * * *
You feel very sick. The killer bee completely misses you.
The killer bee barely misses you.
You feel much better.
You feel very sick. The killer bee closely misses you.
The killer bee barely misses you.
You hit the killer bee but do no damage.
The killer bee is lightly wounded.
You feel very sick. The killer bee barely misses you.
The killer bee stings you!
* * * LOW HITPOINT WARNING * * *
You are more poisoned.
The killer bee poisons you!
You closely miss the killer bee.
The killer bee is lightly wounded.
* * * LOW HITPOINT WARNING * * *
You feel very sick. The killer bee completely misses you.
The killer bee closely misses you.
Okay, then.
Okay, then.
Okay, then.
It was a potion of invisibility.
You fade into invisibility!
You die...

#......##.##.#
###......##.##.#
#.'......##.##.##### .
# #................# ..
#.#..(..).##.#.###.#
...#'#####'#.##.#...#.#
....... #.#.##.###.#.#
.......###y#.#......#.#
.......).s)#.#####..#.#
...######†.#.# #..#.#
#..#.# #..#.#
#.†#.########.#
#..#..........#
#..############ #).#
#..# #..#


You could see a killer bee.

Vanquished Creatures
  An ogre (D:4)
  4 killer bees
  A centaur skeleton (D:4)
  An iguana (D:4)
  4 gnolls (D:4)
  5 adders
  2 adder skeletons (D:4)
  A dart slug (D:4)
  4 orcs
  9 ball pythons
  2 bats
  8 endoplasms
  5 giant cockroaches
  4 goblins
  6 hobgoblins
  2 jackals (D:1)
  3 frilled lizards
  5 kobolds
  5 rats
72 creatures vanquished.

Notes
Turn   | Place    | Note
-------+----------+-------------------------------------------
     0 | D:1      | barney the Draconian Transmuter began the quest for the
                  | Orb.
     0 | D:1      | Reached XP level 1. HP: 16/16 MP: 3/3
   318 | D:1      | Reached XP level 2. HP: 23/23 MP: 3/5
   413 | D:1      | Reached skill level 3 in Transmutations
   813 | D:2      | Reached XP level 3. HP: 10/28 MP: 4/6
  1432 | D:2      | Found a faded altar of an unknown god.
  1468 | D:2      | Reached skill level 4 in Transmutations
  1905 | D:2      | Found a shimmering altar of Xom.
  2320 | D:3      | Found a large runed translucent door.
  2369 | D:3      | Found Gugept's Magic Scroll Shop.
  2412 | D:3      | Found Zugodu's Antique Armour Boutique.
  2413 | D:3      | Found Tuahecej's General Store.
  2632 | D:3      | Reached XP level 4. HP: 35/35 MP: 7/7
  2735 | D:3      | Found a large runed translucent door.
  3163 | D:3      | Found a burning altar of Makhleb.
  3178 | D:3      | Found a shadowy altar of Dithmenos.
  3240 | D:3      | Reached skill level 5 in Transmutations
  3618 | D:3      | Learned a level 3 spell: Spider Form
  3621 | D:3      | Learned a level 2 spell: Wereblood
  3718 | D:4      | Reached XP level 5. HP: 40/40 MP: 8/8
  3796 | D:4      | Noticed an ogre
  3807 | D:4      | Killed an ogre
  3808 | D:4      | Reached skill level 6 in Transmutations
  4086 | D:4      | Reached XP level 6. HP: 41/47 MP: 3/9
  4669 | D:4      | Reached skill level 7 in Transmutations
  4706 | D:4      | HP: 2/47 [poisoned by a gnoll]
  4916 | D:4      | Succumbed to a killer bee's poison

Illustrated notes

Levels and vault maps discovered:
D:1:      wheals_arrival_shading, layout_rooms
D:2:      layout_basic, basic_altar, ebering_ecumenical_altar_abandoned
D:3:      layout_basic, jmf_multi_god_temple2, serial_shops, shop_coins, shop,
          nicolae_diamond_shop, kennysheep_generic_room_12
D:4:      minmay_recursive_quarters, layout_basic, supply_closet_lemuel

Skill      XL: |  1  2  3  4  5  6 |
---------------+-------------------+-----
Transmutations | 3 4 5 6 7 |  7.4
Fighting       | |  1.1
Dodging        | |  1.7
Unarmed Combat | |  3.0
Spellcasting   | |  2.0

Action                   |  1- 3 |  4- 6 || total
-------------------------+-------+-------++-------
Melee: Unarmed           |    57 |    58 ||   115
       Headbutt          |     6 |     2 ||     8
       Kick              |     5 |     8 ||    13
       Tailslap          |     4 |     4 ||     8
       Short sword       |    38 |    44 ||    82
       Punch             |     1 |       ||     1
       Whip              |       |     1 ||     1
 Cast: Beastly Appendage |    17 |    11 ||    28
       Spider Form       |       |     8 ||     8
       Wereblood         |       |     1 ||     1
  Use: Potion            |       |     3 ||     3
       Scroll            |       |     1 ||     1
 Stab: Held in net/web   |       |     1 ||     1
Armor: Skin              |    29 |    17 ||    46
Dodge: Dodged            |    45 |   101 ||   146
